 Dungeon Crawl Stone Soup version 0.18.1-50-g88ac8fd (webtiles) character file.

53 Gianozzolo the Ruffian (level 3, -5/31 HPs)
             Began as a Naga Transmuter on Nov 17, 2017.
             Slain by a gnoll
             ... wielding a +0 whip
              (7 damage)
             ... on level 2 of the Dungeon.
             The game lasted 00:01:58 (1306 turns).

Gianozzolo the Ruffian (Naga Transmuter)            Turns: 1306, Time: 00:01:59

Health: -5/31      AC:  2    Str: 17    XL:     3   Next: 89%
Magic:  4/6        EV: 10    Int: 14    God:
Gold:   58         SH:  0    Dex: 11    Spells: 2 memorised, 2 levels left

rFire  . . .     SeeInvis +       - Unarmed
rCold  . . .     Gourm    .     b - +0 robe
rNeg   . . .     Faith    .     (no shield)
rPois  +         Spirit   .     (no helmet)
rElec  .         Dismiss  .     (no cloak)
rCorr  .         Reflect  .     (no gloves)
SustAt .         Harm     .     (no barding)
MR     .....                    (no amulet)
Stlth  +.........               (no ring)
                                (no ring)

@: mighty, very slow, not resistant to hostile enchantments, very unstealthy
A: see invisible, deformed body, poison resistance, slowness 2, slow metabolism
1, spit poison 2, AC +1
a: Spit Poison


You were on level 2 of the Dungeon.
You were hungry.

You visited 1 branch of the dungeon, and saw 2 of its levels.

You collected 58 gold pieces.

Inventory:

Armour
 b - a +0 robe (worn)
 f - a +0 leather armour
Scrolls
 e - a scroll of enchant weapon {unknown}
Books
 c - a book of Changes

   Spells                             Type                      Level
   a - Beastly Appendage              Transmutation                1
   b - Sticks to Snakes               Transmutation                2
   c - Spider Form                    Transmutation/Poison         3
   d - Ice Form                       Ice/Transmutation            4
   e - Blade Hands                    Transmutation                5
Comestibles
 d - a bread ration
 g - 3 fruits


   Skills:
 - Level 1.0 Fighting
 - Level 1.5 Dodging
 + Level 3.4 Unarmed Combat
 - Level 2.0 Spellcasting
 * Level 3.4 Transmutations
 + Level 1.1 Poison Magic


You had 2 spell levels left.
You knew the following spells:

 Your Spells              Type           Power        Failure   Level  Hunger
a - Beastly Appendage     Trmt           ##....       10%         1    ##.....
b - Spider Form           Trmt/Pois      #.........   30%         3    ####...


Dungeon Overview and Level Annotations

Branches:
Dungeon (2/15)

Altars:


Innate Abilities, Weirdness & Mutations

You cannot wear boots.
Your serpentine skin is tough (AC +1).
You have supernaturally acute eyesight.
Armour fits poorly on your strangely shaped body.
Your system is resistant to poisons.
You cover ground very slowly.
You have a slow metabolism.
You can spit poison.


Message History

You are too injured to fight recklessly!
You are too injured to fight recklessly!
You are too injured to fight recklessly!
You are too injured to fight recklessly!
You bite the gnoll!
The gnoll is poisoned.
The gnoll is heavily wounded.
Your transformation has ended.
Your +0 robe unmelds from your body.
The gnoll hits you with a whip.
* * * LOW HITPOINT WARNING * * *
A kobold comes into view. It is wielding a whip.
You hit the gnoll but do no damage.
The gnoll is heavily wounded.
The gnoll drinks a potion.
The gnoll is healed!
The gnoll looks more healthy.
Drink which item? (? for menu, Esc to quit)
You feel very mighty all of a sudden. The gnoll closely misses you.
You punch the gnoll!
The gnoll is almost dead.
The gnoll hits you with a whip!
You die...

#g.g..# #.<#
.g#######
#..#
........#
#..# #.# #..#
#K# #..# #.#
#### #g#
#@#####
#.)...#
#####.#
#.#### #....#
####.# # #.#
#..#######.#
#....รท.....#


You could see a gnoll and a kobold.

Vanquished Creatures
  2 gnolls (D:2)
  2 adders (D:2)
  A giant gecko (D:1)
  A ball python (D:1)
  3 bats
  3 goblins (D:1)
  3 hobgoblins (D:1)
  5 kobolds (D:1)
20 creatures vanquished.

Vanquished Creatures (others)
  A hobgoblin (D:2)
  A quokka (D:2)
2 creatures vanquished.

Grand Total: 22 creatures vanquished

Notes
Turn   | Place    | Note
--------------------------------------------------------------
     0 | D:1      | Gianozzolo the Naga Transmuter began the quest for the Orb.
     0 | D:1      | Reached XP level 1. HP: 18/18 MP: 3/3
     9 | D:1      | Noticed an electric eel
   192 | D:1      | Reached XP level 2. HP: 11/25 MP: 3/5
  1029 | D:2      | Reached XP level 3. HP: 23/31 MP: 4/6
  1034 | D:2      | Learned a level 3 spell: Spider Form
  1301 | D:2      | Reached skill level 1 in Poison Magic
  1306 | D:2      | Slain by a gnoll

Skill      XL: |  1  2  3 |
---------------+----------+-----
Transmutations | 3 |  3.4
Poison Magic   | 1 |  1.1
Fighting       | |  1.0
Dodging        | |  1.5
Unarmed Combat | |  3.4
Spellcasting   | |  2.0

Action                   || total
-------------------------++-------
Melee: Unarmed           ||    70
       Headbutt          ||     3
       Punch             ||     1
 Cast: Beastly Appendage ||    11
       Spider Form       ||     1
 Abil: Spit Poison       ||    15
  Use: Potion            ||     1
  Eat: Chunk             ||     1
Armor: Robe              ||    16
Dodge: Dodged            ||    61
